AoeStats
← viljelia

Arabia

506067892Analyzed
1v1 RM · 19d ago on Sep 12, 2026· 64m 59s· 2 players
Game mode
Random Map
Map size
Tiny (2 player)
Population
200
Speed
Normal
Resources
Standard
Victory
Conquest
Starting age
Dark Age
Ending age
Imperial Age
RankedLock teamsTeams togetherTeam positionsShared explorationLock speedFull tech treeHidden civsTurbo modeCheats
Victory
Defeat
🇩🇰 Franks · Denmark
751
+15
🇫🇮 Japanese · Finland
739
-15
viljelia
7:31 Loom
10:12 Feudal Age
11:01 Man-at-Arms
11:50 Arson
15:33 Horse Collar
18:08 Double-Bit Axe
19:46 Gold Mining
23:03 Castle Age
22:46 Scale Barding Armor
22:52 Forging
23:16 Bloodlines
25:30 Husbandry
27:21 Gold Shaft Mining
28:35 Wheelbarrow
29:03 Squires
28:31 Pikeman
30:08 Gambesons
31:11 Stone Mining
34:56 Heavy Plow
36:39 Hand Cart
39:08 Bow Saw
39:29 Scale Mail Armor
40:05 Iron Casting
39:50 Chain Barding Armor
41:43 Chain Mail Armor
44:36 Imperial Age
47:12 Two-Man Saw
45:41 Onager
47:03 Hoardings
46:51 Conscription
48:15 Cavalier
50:05 Plate Mail Armor
51:19 Elite Samurai
59:51 Kataparuto
Pet Wussy
11:23 Feudal Age
12:31 Loom
14:53 Man-at-Arms
18:12 Double-Bit Axe
23:14 Castle Age
21:37 Scale Mail Armor
23:56 Gold Mining
27:32 Scale Barding Armor
34:09 Gold Shaft Mining
33:01 Pikeman
36:13 Padded Archer Armor
36:36 Husbandry
38:04 Squires
38:24 Leather Archer Armor
40:58 Forging
41:34 Wheelbarrow
40:52 Town Watch
42:39 #83
48:04 Imperial Age
49:01 Cavalier
50:10 Conscription
50:59 Halberdier
53:05 Stone Mining
53:23 Gambesons
53:31 Fletching
55:30 Chivalry
60:49 Elite Throwing Axeman
65:06 Bodkin Arrow
Connection lost

Rejoining the realm…

Still unreachable

The connection could not be restored.

Session expired

The server has moved on; the page needs a fresh start.